 Dungeon Crawl Stone Soup version 0.16-a0-1784-gf5591c9 (webtiles) character file.

273 timbw the Chiller (level 6, 0/32 HPs)
             Began as a Tengu Ice Elementalist on Nov 1, 2014.
             Slain by a wyvern skeleton (9 damage)
             ... on level 6 of the Dungeon.
             The game lasted 00:07:35 (1439 turns).

timbw the Chiller (Tengu Ice Elementalist)          Turns: 1439, Time: 00:07:35

Health: 0/32       AC:  3    Str:  8    XL:     6   Next: 24%
Magic:  9/17       EV: 12    Int: 18    God:
Gold:   58         SH:  0    Dex: 14    Spells: 3 memorised, 6 levels left

rFire  . . .     SeeInvis .     s - +4 rapier (venom)
rCold  . . .     Clarity  .     r - +0 leather armour
rNeg   . . .     SustAb   .     (no shield)
rPois  .         Gourm    .     (helmet restricted)
rElec  .         Spirit   .     (no cloak)
rCorr  .         Warding  .     (no gloves)
rMut   .         Stasis   .     (boots unavailable)
MR     .....                    (no amulet)
Stlth  ++........               (no ring)
                                (no ring)

@: lethally poisoned, flying quickly and evasively, very slightly contaminated,
quick, not resistant to hostile enchantments, unstealthy
A: able to fly, beak, talons 3
a: no special abilities


You were on level 6 of the Dungeon.
You were not hungry.

You visited 1 branch of the dungeon, and saw 6 of its levels.

You collected 58 gold pieces.

Inventory:

Hand weapons
 h - a +0 dagger
 s - a +4 rapier of venom (weapon)
Missiles
 d - 4 tomahawks (quivered)
 e - 10 poisoned needles
Armour
 a - a +0 robe
 r - a +0 leather armour (worn)
Scrolls
 g - 2 scrolls of identify
 i - a scroll of teleportation
 m - a scroll of remove curse
Potions
 j - a potion of might {unknown}
 l - a potion of agility {unknown}
 n - a potion of curing {unknown}
 o - a potion of poison {unknown}
 p - a potion of brilliance {unknown}
 q - a potion of cancellation {unknown}
Books
 b - a book of Frost

   Spells                             Type                      Level
   *Freeze                            Ice                          1
   *Throw Frost                       Conjuration/Ice              2
   Ozocubu's Armour                   Charms/Ice                   3
   *Throw Icicle                      Conjuration/Ice              4
   Summon Ice Beast                   Ice/Summoning                4
   Condensation Shield                Ice                          4
 k - a book of Wizardry

   Spells                             Type                      Level
   Agony                              Necromancy                   5
   Force Lance                        Conjuration                  5
   Dispersal                          Translocation                6
   Haste                              Charms                       6
   Invisibility                       Hexes                        6
   Spellforged Servitor               Conjuration/Summoning        7
Comestibles
 c - a bread ration
 f - a meat ration


   Skills:
 - Level 2.1 Dodging
 - Level 2.0 Stealth
 * Level 4.1 Spellcasting
 * Level 3.1 Conjurations
 * Level 4.4 Ice Magic


You had 6 spell levels left.
You knew the following spells:

 Your Spells              Type           Power        Failure   Level  Hunger
a - Freeze                Ice            ###.         1%          1    None
b - Throw Frost           Conj/Ice       ###...       6%          2    ##.....
c - Throw Icicle          Conj/Ice       ###.....     34%         4    ####...


Dungeon Overview and Level Annotations

Branches:
Dungeon (6/15)
 Temple: D:4-7

Altars:


Innate Abilities, Weirdness & Mutations

You can fly.
You have a beak for a mouth.
You have claws for feet.


Message History

You are poisoned.
The worker ant poisons you!
Casting: Freeze
Confirm with . or Enter, or press ? or * to list all spells.
Aiming: Freeze
Press: ? - help, Shift-Dir - straight line, f/p - worker ant
Aim: a worker ant (heavily wounded)
You freeze the worker ant.
You kill the worker ant!
You feel sick.
You feel sick.
You feel sick.
A wyvern skeleton comes into view.
You feel sick.
You feel sick.
You feel sick.
Use which ability? (? or * to list)
You swoop lightly up into the air.
You feel somewhat more hungry. The wyvern skeleton bites you!
You die...

. ... ... ##### .. #...#
#.##...## # #..#....# #..
####### #.##...#
#....####..Z@.###..#...##
+............)'........>#
#....####.....####.#....#
### #.....# #..###.#
#.....# ##.# #)#####
#.....# #.# #.(....
#.....# #.# #.#####
####### #.. #.# ##. #.#


You could see a wyvern skeleton.

Vanquished Creatures
  An ogre (D:4)
  A centaur (D:6)
  An orc wizard (D:5)
  A worker ant (D:6)
  2 adders (D:4)
  A giant mite (D:5)
  An ooze (D:1)
  2 orcs
  2 ball pythons
  2 giant cockroaches
  6 hobgoblins
  2 jackals (D:4)
  2 bats
  2 hobgoblin skeletons
  4 kobolds
  4 rats
34 creatures vanquished.

Notes
Turn   | Place    | Note
--------------------------------------------------------------
     0 | D:1      | timbw, the Tengu Ice Elementalist, began the quest for the Orb.
     0 | D:1      | Reached XP level 1. HP: 10/10 MP: 3/3
   184 | D:1      | Reached XP level 2. HP: 4/15 MP: 2/6
   188 | D:1      | Learned a level 2 spell: Throw Frost
   409 | D:4      | Reached skill level 3 in Ice Magic
   515 | D:4      | Reached XP level 3. HP: 17/19 MP: 5/7
   654 | D:4      | Noticed an ogre
   689 | D:4      | Killed an ogre
   689 | D:4      | Reached XP level 4. HP: 24/24 MP: 1/11
   709 | D:4      | Reached XP level 5. HP: 18/28 MP: 1/13
   776 | D:4      | Learned a level 4 spell: Throw Icicle
   787 | D:4      | Reached skill level 4 in Ice Magic
  1008 | D:5      | Entered Level 5 of the Dungeon
  1289 | D:6      | Noticed a centaur
  1322 | D:6      | Killed a centaur
  1322 | D:6      | Reached XP level 6. HP: 9/32 MP: 7/17
  1439 | D:6      | Slain by a wyvern skeleton

Action                   |  1- 3 |  4- 6 || total
-------------------------+-------+-------++-------
Melee: Unarmed           |     2 |       ||     2
       Dagger            |     9 |    25 ||    34
       Rapier            |       |     2 ||     2
Throw: Tomahawk          |     2 |     1 ||     3
 Cast: Freeze            |    30 |    23 ||    53
       Throw Frost       |     4 |     4 ||     8
 Abil: Fly               |       |     3 ||     3
  Use: Scroll            |     2 |       ||     2
 Stab: Sleeping          |       |     2 ||     2
  Eat: Chunk             |       |     3 ||     3
       Bread ration      |       |     1 ||     1
